 Dungeon Crawl Stone Soup version 0.17-a0-1550-g78a4890 (webtiles) character file.

6263 Promi the Protected (level 10, -1/91 HPs)
             Began as a Hill Orc Fighter on July 19, 2015.
             Was a High Priest of Beogh.
             Slain by a sixfirhy (9 damage)
             ... summoned by an orc sorcerer
             ... on level 3 of the Orcish Mines.
             The game lasted 01:03:27 (10700 turns).

Promi the Protected (Hill Orc Fighter)             Turns: 10700, Time: 01:03:27

Health: -1/91      AC: 30    Str: 27    XL:     10   Next: 93%
Magic:  10/10      EV:  5    Int:  8    God:    Beogh [*****.]
Gold:   1179       SH: 13    Dex: 10    Spells: 0 memorised, 9 levels left

rFire  . . .     SeeInvis .     a - +1 war axe
rCold  + . .     Clarity  .     f - +0 crystal plate armour
rNeg   . . .     SustAt   .     c - +0 shield
rPois  +         Gourm    .     E - +2 helmet of Dishonesty {rCorr Str+4}
rElec  .         Spirit   .     N - +0 cloak
rCorr  +         Warding  .     Y - +0 pair of gloves {archery}
rMut   .         Stasis   .     (no boots)
MR     .....                    q - amulet of faith
Stlth  ..........               z - ring of protection from cold
                                j - ring of poison resistance

@: studying 2 skills, not resistant to hostile enchantments, extremely
unstealthy
A: walk on water
a: Smiting, Recall Orcish Followers, Give Item to Named Follower, Renounce
Religion


You were on level 3 of the Orcish Mines.
You worshipped Beogh.
Beogh was extremely pleased with you.
You were not hungry.

You visited 2 branches of the dungeon, and saw 13 of its levels.
You also visited: Labyrinth, Bailey and Volcano.

You collected 1179 gold pieces.

Inventory:

Hand weapons
 a - a +1 war axe (weapon)
Armour
 c - a +0 shield (worn)
 f - a +0 crystal plate armour (worn)
 E - the +2 helmet of Dishonesty (worn) {rCorr Str+4}
   (You found it on level 6 of the Dungeon)

   It affects your strength (+4).
   It protects you from acid and corrosion.
 N - a +0 cloak (worn)
 Y - a +0 pair of gloves of archery (worn)
Jewellery
 h - a cursed ring of loudness {unknown}
 j - a ring of poison resistance (left hand)
 q - an amulet of faith (around neck)
 z - a ring of protection from cold (right hand)
 D - an uncursed ring of protection from fire {unknown}
 H - a +1 ring of evasion {unknown}
 P - an uncursed ring of protection from magic {unknown}
Magical devices
 y - a wand of polymorph (14)
 F - a wand of confusion (20)
 J - a wand of frost (19)
 M - a wand of paralysis (11)
 R - a wand of lightning (5)
Scrolls
 g - 4 scrolls of immolation
 l - 3 scrolls of magic mapping
 m - 3 scrolls of recharging
 r - 3 scrolls of remove curse
 v - 3 scrolls of identify
 K - a scroll of amnesia
 L - a scroll of blinking {unknown}
 O - a scroll of random uselessness {unknown}
 Q - a scroll of fear {unknown}
 T - a scroll of noise {unknown}
 W - 2 scrolls of enchant armour {unknown}
 X - a scroll of vulnerability {unknown}
Potions
 d - 3 potions of might
 k - a potion of ambrosia {unknown}
 p - 4 potions of heal wounds {unknown}
 s - 4 potions of curing
 t - a potion of invisibility {unknown}
 u - 3 potions of berserk rage {unknown}
 w - 2 potions of lignification {unknown}
 x - 2 potions of flight {unknown}
 B - a potion of resistance {unknown}
 C - 2 potions of haste {unknown}
 I - a potion of poison {unknown}
Books
 b - a book of Spatial Translocations

   Spells                             Type                      Level
   a - Apportation                    Translocation                1
   b - Blink                          Translocation                2
   c - Shroud of Golubria             Charms/Translocation         2
   d - Portal Projectile              Translocation                3
   e - Teleport Other                 Translocation                3
   f - Passage of Golubria            Translocation                4
 A - a book of Transfigurations

   Spells                             Type                      Level
   a - Stoneskin                      Transmutation/Earth          2
   b - Irradiate                      Conjuration/Transmutation    5
   c - Statue Form                    Transmutation/Earth          6
   d - Hydra Form                     Transmutation                6
   e - Dragon Form                    Transmutation                7
 G - a book of the Earth

   Spells                             Type                      Level
   a - Leda's Liquefaction            Hexes/Earth                  4
   b - Bolt of Magma                  Conjuration/Fire/Earth       5
   c - Statue Form                    Transmutation/Earth          6
   d - Iron Shot                      Conjuration/Earth            6
   e - Shatter                        Earth                        9
 U - a manual of
Armour
 V - a manual of Shields
Comestibles
 e - a bread ration
 i - 2 beef jerkies
 n - 2 royal jellies
 o - 5 meat rations


   Skills:
 - Level 9.5 Fighting
 - Level 10.0 Axes
 + Level 11.5 Armour
 - Level 0.1 Dodging
 - Level 0.3 Stealth
 + Level 10.3 Shields


You had 9 spell levels left.
You didn't know any spells.

Dungeon Overview and Level Annotations

Branches:
Dungeon (9/15)             Temple (0/1) D:4            Lair (0/8) D:9
    Orc (4/4) D:9             Elf (0/3) Orc:4

Altars:
Ashenzari
Dithmenos
Fedhas
Gozag
Kikubaaqudgha
Nemelex Xobeh
Ru
Trog
Beogh

Shops:
D:6 =   D:9 =   Orc:1 *   Orc:2 (*

Annotations:
D:8 Maurice


Message History

The sixfirhy hits your orc wizard! The sixfirhy shocks your orc wizard!
Your orc wizard dies!
The sixfirhy completely misses you. Beogh accepts your kill.
You feel a bit more experienced.
You barely miss the sixfirhy.
The sixfirhy is heavily wounded.
The sixfirhy hits you.
* * * LOW HITPOINT WARNING * * *
The sixfirhy shocks you!
* * * LOW HITPOINT WARNING * * *
You block the sixfirhy's attack.
The sixfirhy hits you but does no damage.
You block the sixfirhy's attack.
Your orc sorcerer hits the sixfirhy with a dagger.
Your orc barely misses the sixfirhy. x2
The sixfirhy hits you.
* * * LOW HITPOINT WARNING * * *
The sixfirhy shocks you!
You die...

## ###. .. ... ##..< ##.#
.. #.... #... .. ####...
#...####' ##.....#
$...#.(. # #.#.#... .
..#(o#### #. ####.##...
.. #)o#o@# #.##.#..##...
...
#(ooo4o..#.##......##.
....
#oo'o.'..#.#......###.
#...#.o#o$#..#........o#
.
#..#..####..#.....#......
##.#........#....###..o..
#.####oo####.....#......
#.....................o.
...###.o)o###.#.........


You could see a sixfirhy, a friendly orc sorcerer, a friendly orc priest, a
friendly orc wizard and 7 friendly orcs.

Vanquished Creatures
  A minotaur (Lab)
  2 orc knights
  A troll (Orc:4)
  A trapdoor spider (Lab)
  A warg (Orc:1)
  3 phantoms
  6 orc warriors
  3 centaurs
  3 ogres
  An ice beast (D:7)
  4 giant frogs
  3 killer bees
  3 scorpions
  2 troll skeletons (Lab)
  A quasit (D:4)
  4 crimson imps
  2 centaur zombies
  3 giant frog skeletons
  A hound (D:6)
  3 orc priests
  A centaur skeleton (D:8)
  A gnoll shaman (D:8)
  7 orc wizards
  2 iguanas
  5 worker ants
  2 killer bee zombies
  2 hound skeletons
  A gnoll (D:8)
  11 adders
  2 shadow imps
  An ooze (D:6)
  2 worms
  An adder zombie (D:5)
  6 giant geckos
  20 orcs
  13 bats
  4 giant cockroaches
  7 goblins
  13 hobgoblins
  13 kobolds
  3 quokkas
  A ball python (D:3)
  A giant gecko skeleton (D:4)
  A giant gecko zombie (D:5)
  8 giant newts
  2 jackals (D:5)
  A quokka skeleton (D:6)
  13 rats
192 creatures vanquished.

Vanquished Creatures (collateral kills)
  An orc knight (Volcano)
  A fire drake (D:9)
  A deep elf mage (D:9)
  A hippogriff (D:9)
  5 orc warriors
  2 ogres
  A big kobold (D:9)
  2 giant frogs
  A scorpion (D:8)
  4 killer bees (D:9)
  A crimson imp (D:9)
  3 orc priests
  A quasit (D:8)
  3 orc wizards
  A hound zombie (D:9)
  An adder (D:9)
  2 gnolls (D:8)
  13 orcs
  A hobgoblin (Orc:1)
  4 goblins
  3 kobolds (D:9)
52 creatures vanquished.

Vanquished Creatures (others)
  4 orc warriors
  4 orc priests
  5 orc wizards
  34 orcs
47 creatures vanquished.

Grand Total: 291 creatures vanquished

Notes
Turn   | Place    | Note
--------------------------------------------------------------
     0 | D:1      | Promi the Hill Orc Fighter began the quest for the Orb.
     0 | D:1      | Reached XP level 1. HP: 19/19 MP: 1/1
   156 | D:1      | Reached XP level 2. HP: 24/27 MP: 2/2
   551 | D:1      | Reached skill level 4 in Fighting
   556 | D:1      | Reached XP level 3. HP: 6/33 MP: 3/3
  1047 | D:2      | Found a faded altar to an unknown god.
  1385 | D:2      | Reached XP level 4. HP: 40/40 MP: 4/4
  2091 | D:3      | Found a roughly hewn altar of Beogh.
  2105 | D:3      | HP: 1/40 [orc priest/divine providence (14)]
  2106 | D:3      | Became a worshipper of Beogh the Brigand
  2489 | D:4      | Reached XP level 5. HP: 40/47 MP: 5/5
  3183 | D:4      | Found a sacrificial altar of Ru.
  3450 | D:4      | Acquired Beogh's first power
  3454 | D:4      | Found a staircase to the Ecumenical Temple.
  3477 | D:4      | Reached XP level 6. HP: 40/53 MP: 6/6
  3495 | D:5      | Entered Level 5 of the Dungeon
  3638 | D:4      | Reached skill level 5 in Armour
  4269 | D:5      | Reached skill level 6 in Armour
  4396 | D:5      | Reached skill level 7 in Armour
  4396 | D:5      | Reached XP level 7. HP: 57/60 MP: 7/7
  4499 | D:5      | Acquired Beogh's second power
  4944 | D:6      | Found Deashiuc's Jewellery Shop.
  4997 | D:6      | Reached skill level 5 in Fighting
  4997 | D:6      | Reached skill level 5 in Shields
  5399 | D:6      | Reached skill level 5 in Axes
  5426 | D:6      | Reached XP level 8. HP: 40/69 MP: 8/8
  5540 | D:6      | Found a sparkling altar of Nemelex Xobeh.
  6004 | D:6      | Got a pitted helmet
  6015 | D:6      | Identified the +2 helmet of Dishonesty {rCorr Str+4} (You found it on level 6 of the Dungeon)
  6264 | D:6      | Found a bloodstained altar of Trog.
  6677 | D:6      | Acquired Beogh's third power
  6677 | D:6      | Reached skill level 8 in Armour
  7028 | D:7      | Found an ancient bone altar of Kikubaaqudgha.
  7028 | D:7      | Found a blossoming altar of Fedhas.
  7242 | D:7      | Found an opulent altar of Gozag.
  7349 | D:8      | Reached XP level 9. HP: 74/78 MP: 9/9
  7457 | D:8      | Found a shadowy altar of Dithmenos.
  7576 | D:8      | Noticed Maurice
  7720 | D:8      | Acquired Beogh's fourth power
  8115 | D:9      | Reached skill level 9 in Armour
  8200 | D:9      | Found a shattered altar of Ashenzari.
  8215 | D:9      | Noticed a fire drake
  8216 | D:9      | Found a staircase to the Lair.
  8231 | D:9      | Killed a fire drake
  8308 | D:9      | Gained Wargrak as an ally
  8488 | D:9      | Acquired Beogh's fifth power
  8516 | D:9      | Found a staircase to the Orcish Mines.
  8518 | D:9      | Found Bewkiall's Jewellery Shoppe.
  8530 | Orc:1    | Entered Level 1 of the Orcish Mines
  8600 | Orc:1    | Gained Alork as an ally
  8609 | Orc:1    | Found a bloodstained altar of Trog.
  8611 | Orc:1    | Found a dark tunnel.
  8651 | Volcano  | Entered a volcano
  8670 | Volcano  | Found a radiant altar of Vehumet.
  8674 | Volcano  | Noticed an orc knight
  8688 | Volcano  | Killed an orc knight
  8688 | Volcano  | Reached XP level 10. HP: 77/90 MP: 10/10
  8802 | Orc:1    | Found a flagged portal.
  8813 | Bailey   | Entered a bailey
  9125 | Bailey   | Noticed an orc knight
  9132 | Bailey   | Killed an orc knight
  9306 | Orc:1    | Found Igim's General Store.
  9496 | Orc:1    | Reached skill level 10 in Armour
  9501 | Orc:1    | Your ally Alork died
  9685 | Orc:2    | Found Bofegat's Assorted Antiques.
  9700 | Orc:2    | Gained Morun as an ally
  9760 | Orc:2    | Found Messucw's Weapon Emporium.
  9883 | Orc:3    | Gained Boderik as an ally
  9895 | Orc:4    | Entered Level 4 of the Orcish Mines
  9896 | Orc:4    | Found a labyrinth entrance.
  9906 | Orc:4    | Your ally Morun died
  9908 | Lab      | Entered a labyrinth
 10143 | Lab      | Noticed a minotaur
 10161 | Lab      | Killed a minotaur
 10161 | Lab      | Reached skill level 10 in Axes
 10453 | Orc:4    | Gained Orbeogh as an ally
 10461 | Orc:4    | Your ally Orbeogh died
 10463 | Orc:4    | Reached skill level 11 in Armour
 10512 | Orc:4    | Found a staircase to the Elven Halls.
 10518 | Orc:4    | Noticed an orc warlord
 10519 | Orc:4    | Noticed an orc knight
 10520 | Orc:4    | Noticed an orc high priest
 10525 | Orc:4    | Noticed a rust devil
 10526 | Orc:4    | Noticed an orc knight
 10526 | Orc:4    | Noticed an orc sorcerer
 10526 | Orc:4    | Noticed a soul eater
 10531 | Orc:4    | Your ally Boderik died
 10576 | Orc:3    | Killed an orc knight
 10576 | Orc:3    | Reached skill level 10 in Shields
 10684 | Orc:3    | Noticed an orc sorcerer
 10692 | Orc:3    | Noticed a sixfirhy
 10700 | Orc:3    | Slain by a sixfirhy

Vault maps used:
D:1:      dpeg_arrival_windows_large_door
D:2:      ecumenical_altar_2, grunt_ministairs_2
D:3:      kennysheep_orc_chapel
D:4:      nicolae_ru_path_of_blood, temple_green, first_bread,
          hangedman_abyss_or_decor_passed
D:5:      minmay_misc_feat_four_crosses
D:6:      bloody_trog, serial_shops, nicolae_shop_crystal,
          nemelex_dance_club_becter
D:7:      grunt_temple_overflow_growth_and_decay, lemuel_doored_altar
D:8:      grunt_dithmenos_shadows, uniq_maurice
D:9:      kennysheep_mini, minmay_lair_entry_lava, orc_0_dummy, serial_shops,
          shop_fountains
Orc:1:    nicolae_orc_accident_1, basic_altar, nicolae_volcano_entry_two_sided,
          enter_bailey_3, serial_shops, nicolae_shop_trees
Orc:2:    serial_shops, nicolae_shop_trees, shop, shop, shop,
          nicolae_shop_stone, lightli_orcish_oven
Orc:3:    portal_ice_cave_entry_ice_beasts, nicolae_orc_pool_cavern,
          guppyfry_library_mini
Orc:4:    grunt_orc_gardens, grunt_orc_garden, grunt_orc_garden,
          grunt_orc_garden, grunt_orc_garden, lab_entry_generic, special_room
Lab:      labyrinth_watery, nicolae_lab_lava, nicolae_lab_swirl,
          nicolae_lab_flowing_pool, nicolae_lab_t_cross, lab_block,
          nicolae_lab_very_dead_end, labyrinth_skeletal_remains,
          nicolae_lab_plus
Bailey:   bailey_polearm_2, bailey
Volcano:  kennysheep_volcano_temple

Action                   |  1- 3 |  4- 6 |  7- 9 | 10-12 || total
-------------------------+-------+-------+-------+-------++-------
Melee: War axe           |   124 |   393 |   487 |   144 ||  1148
Invok: Convert to Beogh  |       |     1 |       |       ||     1
       Recall Orcish Fol |       |       |     1 |     1 ||     2
       Smiting           |       |       |       |     1 ||     1
  Use: Scroll            |     5 |     1 |     2 |       ||     8
       Potion            |     1 |       |       |       ||     1
 Stab: Distracted        |       |       |     2 |     1 ||     3
  Eat: Chunk             |     1 |    10 |    10 |     1 ||    22
       Beef jerky        |       |     1 |       |     1 ||     2
       Bread ration      |       |       |     1 |     1 ||     2
       Pizza             |       |       |       |     1 ||     1
